 Dungeon Crawl Stone Soup version 0.27-a0-1529-g1e82c303ef (webtiles) character file.

Game seed: 7266082480524756037

82 Lanoc the Insei (level 4, 0/29 HPs)
             Began as an Octopode Transmuter on July 11, 2021.
             Slain by a giant cockroach (2 damage)
             ... on level 3 of the Dungeon.
             The game lasted 00:02:46 (2081 turns).

Lanoc the Insei (Octopode Transmuter)               Turns: 2081, Time: 00:02:46

Health: 0/29       AC:  1    Str:  9    XL:     4   Next: 43%
Magic:  4/7        EV: 13    Int: 16    God:
Gold:   139        SH:  0    Dex: 12    Spells: 4/7 levels left

rFire    . . .     SeeInvis .     - Unarmed
rCold    . . .     Faith    .   (no shield)
rNeg     . . .     Spirit   .   (helmet currently unavailable)
rPois    .         Reflect  .   (no amulet)
rElec    .         Harm     .   (no ring)
rCorr    .         Rampage  .   (no ring)
Will     .....                  (no ring)
Stlth    ++........             (no ring)
HPRegen  0.09/turn              (no ring)
MPRegen  0.10/turn              (no ring)
                                (no ring)
                                (no ring)

@: lethally poisoned (0 -> -2), appendages (expiring), wereblooded
A: tentacle spike 3, almost no armour, amphibious, 8 rings, camouflage 1,
gelatinous body 1, (nimble swimmer 1), tentacles
a: End Transformation


You were on level 3 of the Dungeon.
One of your tentacles had grown a beastly spike.
You visited 1 branch of the dungeon, and saw 3 of its levels.

You collected 139 gold pieces.

Inventory:

Scrolls
 d - a scroll of fear
Potions
 a - a potion of curing {unknown}
 b - a potion of flight
 c - a potion of resistance {unknown}


   Skills:
 + Level 1.7 Fighting
 + Level 2.6 Dodging
 * Level 3.7 Unarmed Combat
 - Level 2.0 Spellcasting
 * Level 3.0 Transmutations


You had 4 spell levels left.
You knew the following spells:

 Your Spells              Type           Power      Damage    Failure   Level
g - Wereblood             Tmut           11%        N/A       9%          2
h - Beastly Appendage     Tmut           22%        N/A       6%          1

Your spell library contained the following spells:

 Spells                   Type           Power      Damage    Failure   Level
 Spider Form              Tmut/Pois      3%         N/A       32%         3
 Ice Form                 Ice/Tmut       6%         N/A       73%         4


Dungeon Overview and Level Annotations

Branches:
Dungeon (3/15)

Altars:

Annotations:
D:2 Sigmund


Innate Abilities, Weirdness & Mutations

One of your tentacles has grown a beastly spike.
You cannot wear most types of armour.
You are amphibious.
You can wear up to eight rings at the same time.
Your skin changes colour to match your surroundings (Stealth+).
Your rubbery body absorbs attacks. (AC +1, EV +1)
((You are camouflaged near water. (Stealth+)))
You have tentacles for arms and can constrict up to eight enemies at once.


Message History

You constrict the worm. The worm completely misses you.
You tentacle-slap the worm.
You pierce the worm.
The worm is heavily wounded.
You constrict the worm.
The goblin shouts!
A giant cockroach comes into view.
You tentacle-slap the worm but do no damage.
You tentacle-slap the worm, but do no damage.
The worm is heavily wounded.
You constrict the worm. The worm bites you!
Your magical contamination has completely faded away.
You tentacle-slap the worm.
The worm is severely wounded.
You constrict the worm. The goblin hits you with a +0 dagger.
You tentacle-slap the worm.
You feel a bit better.
You kill the worm!
The goblin closely misses you.
You tentacle-slap the worm. You grab the worm.
The worm is lightly wounded.
Your transformation is almost over.
You constrict the worm. The adder closely misses you.
The goblin hits you with a +0 dagger.
You are too injured to fight recklessly!
You are too injured to fight recklessly!
You closely miss the goblin. You grab the goblin.
You pierce the goblin.
You squeeze the goblin.
You feel a bit better.
You kill the goblin!
You constrict the worm. The adder bites you.
You are poisoned.
The adder poisons you! The worm misses you. The adder bites you.
* * * LOW HITPOINT WARNING * * *
You release your grip on the worm.
You feel sick. The adder barely misses you.
You see here a +0 dagger.
You tentacle-slap the adder. Your grab misses the adder.
Your tentacle spike misses the adder.
The adder is moderately wounded.
You feel sick. The adder bites you.
* * * LOW HITPOINT WARNING * * *
The worm barely misses you. The giant cockroach bites you.
You die...

. ...
....#######
......w<..#
......S@..#
......B...#
..........#
$.........#
..........#
........[.#
.........<#
..........#


You could see a worm, an adder and a giant cockroach.

Vanquished Creatures
  Jessica (D:2)
  An adder (D:2)
  3 worms
  3 dart slugs
  A bat (D:2)
  2 endoplasms
  3 hobgoblins
  4 jackals (D:1)
  A quokka (D:2)
  3 ball pythons
  2 frilled lizards (D:1)
  2 goblins
  5 kobolds
  2 rats (D:1)
33 creatures vanquished.

Vanquished Creatures (others)
  A fungus (D:2)
  3 toadstools (D:2)
4 creatures vanquished.

Grand Total: 37 creatures vanquished

Notes
Turn   | Place    | Note
-------+----------+-------------------------------------------
     0 | D:1      | Lanoc the Octopode Transmuter began the quest for the Orb.
     0 | D:1      | Reached XP level 1. HP: 13/13 MP: 3/3
   113 | D:1      | Reached XP level 2. HP: 13/18 MP: 3/5
   119 | D:1      | Learned a level 2 spell: Wereblood
   765 | D:2      | Reached XP level 3. HP: 21/23 MP: 2/6
  1190 | D:2      | Noticed an ogre
  1193 | D:2      | HP: 1/23 [ogre (17)]
  1572 | D:2      | Noticed Sigmund
  1602 | D:2      | HP: 1/23 [something/magic dart (5)]
  1945 | D:2      | Noticed Jessica
  1952 | D:2      | Killed Jessica
  1953 | D:2      | Reached XP level 4. HP: 27/28 MP: 3/7
  2081 | D:3      | Slain by a giant cockroach

Illustrated notes

Levels and vault maps discovered:
D:1:      dpeg_arrival_shelter, layout_rooms
D:2:      layout_basic, minmay_gold_behind_fungi, minmay_stone_trees_small,
          kennysheep_generic_room_2, uniq_sigmund, uniq_jessica
D:3:      layout_rooms, nicolae_overflow_hidden_temple,
          kennysheep_orc_sif_temple, mainiacjoe_overflow_paths

Skill      XL: |  1  2  3 |
---------------+----------+-----
Transmutations | 3 |  3.0
Fighting       | |  1.7
Dodging        | |  2.6
Unarmed Combat | |  3.7
Spellcasting   | |  2.0

Action                   |  1- 3 |  4- 6 || total
-------------------------+-------+-------++-------
Melee: Unarmed           |    60 |    12 ||    72
       Kick              |    17 |     3 ||    20
       Constrict         |    16 |     3 ||    19
       Tentacles         |     9 |     4 ||    13
       Punch             |     2 |     2 ||     4
 Cast: Beastly Appendage |    16 |     1 ||    17
       Wereblood         |     8 |     1 ||     9
  Use: Scroll            |     3 |       ||     3
       Potion            |     1 |       ||     1
 Stab: Sleeping          |     3 |       ||     3
Armor: Skin              |     4 |       ||     4
Dodge: Dodged            |    33 |     7 ||    40

Table legend: (Time is in decaauts)
 A = Elapsed time spent in this place.
 B = Non-inter-level travel time spent in this place.
 C = Inter-level travel time spent in this place.
 D = Time resting spent in this place.
 E = Time spent auto-exploring this place.
 F = Levels seen in this place.
 G = Mean time per level.
                   A        B        C        D        E       F      G
               +--------+--------+--------+--------+--------+-----+--------+
         Total |   2076 |   2043 |     33 |    309 |   1482 |   3 |  692.0 |
       Dungeon |   2076 |   2043 |     33 |    309 |   1482 |   3 |  692.0 |
               +--------+--------+--------+--------+--------+-----+--------+

Top non-repeatable levels by time:
     D:1: 1045 daAuts
     D:2: 1019 daAuts
     D:3: 12 daAuts
